 Dungeon Crawl Stone Soup version 0.25-a0-667-gb977e01cb5 (webtiles) character file.

Game seed: 4051449482305594575, levelgen mode: deterministic

154 DasRunzen the Ducker (level 4, 0/37 HPs)
             Began as a Demigod Gladiator on Mar 27, 2020.
             Killed by nerve-wracking pain
             ... invoked by an orc priest
              (6 damage)
             ... on level 3 of the Dungeon.
             The game lasted 00:04:59 (2673 turns).

DasRunzen the Ducker (Demigod Gladiator)            Turns: 2673, Time: 00:05:00

Health: 0/37       AC:  4    Str: 17    XL:     4   Next: 89%
Magic:  8/8        EV: 13    Int: 14    God:
Gold:   60         SH:  0    Dex: 17    Spells: 6/6 levels left

rFire    . . .     SeeInvis .   a - +0 trident
rCold    . . .     Gourm    .   (no shield)
rNeg     . . .     Faith    .   b - +0 leather armour
rPois    .         Spirit   .   c - +0 helmet
rElec    .         Reflect  .   (no cloak)
rCorr    .         Harm     .   (no gloves)
MR       .....                  (no boots)
Stlth    +.........             (no amulet)
HPRegen  0.12/turn              (no ring)
MPRegen  0.11/turn              (no ring)

@: no status effects
A: high mp 1
a: no special abilities


You were on level 3 of the Dungeon.
You were very hungry.

You visited 1 branch of the dungeon, and saw 3 of its levels.

You collected 60 gold pieces.

Inventory:

Hand Weapons
 a - a +0 trident (weapon)
Missiles
 d - 3 throwing nets (quivered)
Armour
 b - a +0 leather armour (worn)
 c - a +0 helmet (worn)
Wands
 e - a wand of iceblast (3)
Scrolls
 h - 2 scrolls of identify
Potions
 i - 3 potions of brilliance
Comestibles
 f - 5 rations


   Skills:
 + Level 2.6 Fighting
 + Level 3.3 Polearms
 - Level 1.7 Throwing
 + Level 1.6 Armour
 + Level 3.4 Dodging
 + Level 1.5 Spellcasting


You had 6 spell levels left.
You didn't know any spells.
Your spell library was empty.

Dungeon Overview and Level Annotations

Branches:
Dungeon (3/15)


Innate Abilities, Weirdness & Mutations

You have an increased reservoir of magic. (+10% MP)


Message History

The orc priest barely misses you. The orc barely misses you.
The orc wizard hits you with a +0 dagger.
You hit the orc wizard.
The orc wizard is almost dead.
The orc hits you with a +0 dagger.
The orc priest mumbles some strange prayers to Beogh against you.
Pain shoots through your body!
* * * LOW HITPOINT WARNING * * *
The orc wizard hits you but does no damage.
The orc misses you.
You barely miss the orc wizard.
The orc wizard is almost dead.
The orc priest hits you but does no damage.
The orc wizard hits you with a +0 dagger.
* * * LOW HITPOINT WARNING * * *
The orc hits you with a +0 dagger.
* * * LOW HITPOINT WARNING * * *
The orc priest invokes the aid of Beogh against you.
Pain shoots through your body!
You die...

#..........# ##.#....###
#..........# #.#.†###
#..........# #...##
#..........# ##..#####
#..........######......#
##..........#.....).......
#......######........#####
#..###...............#
##..#♣≈.♣♣##o@###....#
##.♣♣P.P♣###oo.........
##♣♣..♣♣#.......#...##
♣P{P ♣♣.....####... ♣♣.≈♣
♣♣♣...# ### .≈≈P ♣...#
≈≈≈≈≈ ....# ≈≈≈P.♣♣♣#..#
♣P≈≈♣♣♣ .##


You could see an orc priest, an orc wizard and an orc.

Vanquished Creatures
  7 adders
  An ooze (D:1)
  3 worms (D:2)
  A dart slug (D:1)
  A leopard gecko (D:3)
  10 bats
  5 giant cockroaches
  7 goblins
  8 hobgoblins
  11 jackals
  2 frilled lizards
  7 kobolds
  6 rats
69 creatures vanquished.

Vanquished Creatures (others)
  A goblin (D:1)
  A hobgoblin (D:1)
  A rat (D:1)
3 creatures vanquished.

Grand Total: 72 creatures vanquished

Notes
Turn   | Place    | Note
-------+----------+-------------------------------------------
     0 | D:1      | DasRunzen the Demigod Gladiator began the quest for the
                  | Orb.
     0 | D:1      | Reached XP level 1. HP: 17/17 MP: 3/3
   279 | D:1      | Reached XP level 2. HP: 8/24 MP: 4/4
   731 | D:1      | Reached XP level 3. HP: 18/29 MP: 6/6
   807 | D:1      | Reached skill level 1 in Armour
  1111 | D:2      | Reached skill level 1 in Spellcasting
  1477 | D:2      | Reached XP level 4. HP: 7/37 MP: 8/8
  2141 | D:2      | HP: 1/37 [poisoned by an adder]
  2673 | D:3      | Killed from afar by an orc priest

Levels and vault maps discovered:
D:1:      roderic_chinese_lattice_arrival, layout_basic, serial_curves,
          eino_curves_01, eino_curves_02, lemuel_old_faithful
D:2:      layout_basic
D:3:      layout_rooms, first_ration, serial_bayou_crossing

Skill      XL: |  1  2  3 |
---------------+----------+-----
Fighting       | 2 |  2.6
Dodging        | 3 |  3.4
Polearms       | 3 |  3.3
Armour         | 1 |  1.6
Spellcasting   | 1 |  1.5
Throwing       | |  1.7

Action                   |  1- 3 |  4- 6 || total
-------------------------+-------+-------++-------
Melee: Trident           |   172 |   117 ||   289
  Use: Scroll            |     2 |     3 ||     5
       Potion            |       |     2 ||     2
 Stab: Distracted        |     1 |       ||     1
       Sleeping          |     1 |     2 ||     3
  Eat: Chunk             |     1 |     4 ||     5
Armor: Leather armour    |    32 |    42 ||    74
Dodge: Dodged            |   108 |    59 ||   167

Table legend:
 A = Non-vault XP
 B = Vault XP
 C = Vault XP percentage of total XP
 D = Non-vault monster count
 E = Vault monster count
 F = Vault count percentage of total count
                 A         B        C        D         E       F
            +---------+---------+-------+---------+---------+-------
      Total |     221 |       0 |   0.0 |      69 |       0 |   0.0
            +---------+---------+-------+---------+---------+-------
        D:1 |      61 |       0 |   0.0 |      30 |       0 |   0.0
        D:2 |     133 |       0 |   0.0 |      31 |       0 |   0.0
        D:3 |      27 |       0 |   0.0 |       8 |       0 |   0.0
            +---------+---------+-------+---------+---------+-------
